 Dungeon Crawl Stone Soup version 0.29.0-15-g675c0067aa (webtiles) character file.

Game seed: 17766242049014373014

31 qw the Sneak (level 3, -1/23 HPs)
             Began as a Gargoyle Delver on Sept 11, 2022.
             Slain by an orc wizard
             ... wielding a +1 dagger of flaming
              (5 damage)
             ... on level 4 of the Dungeon.
             The game lasted 00:00:02 (50 turns).

qw the Sneak (Gargoyle Delver)                        Turns: 50, Time: 00:00:03

Health: -1/23      AC:  6    Str: 17    XL:     3   Next: 22%
Magic:  3/3        EV: 11    Int: 10    God:
Gold:   0          SH:  0    Dex: 11    Spells: 2/2 levels left

rFire   . . .      SeeInvis .   a - +0 hand axe
rCold   . . .      Faith    .   (no shield)
rNeg    + . .      Spirit   .   b - +0 leather armour
rPois   inf        Reflect  .   (no helmet)
rElec   +          Harm     .   (no cloak)
rCorr   .          Rampage  .   (no gloves)
Will    .....                   (no boots)
Stlth   +++.......              (no amulet)
HPRegen 0.07/turn               (no ring)
MPRegen 0.08/turn               (no ring)

@: no status effects
A: sickness immunity, AC +3, negative energy resistance 1, electricity
resistance, torment resistance 1, petrification resistance
a: no special abilities


You were on level 4 of the Dungeon.
You visited 1 branch of the dungeon, and saw 2 of its levels.


Innate Abilities, Weirdness & Mutations

You are immune to sickness and miasma.
Your stone body is resilient. (AC +3)
You are immune to poison.
You resist negative energy. (rN+)
You are resistant to electric shocks. (rElec)
You are resistant to unholy torment.
You are immune to petrification.


   Skills:
 - Level 3.2 Fighting
 + Level 3.2 Axes
 - Level 1.5 Dodging
 - Level 5.4 Stealth


You had 2 spell levels left.
You didn't know any spells.
Your spell library was empty.

Inventory:

Hand Weapons
 a - a +0 hand axe (weapon)
Armour
 b - a +0 leather armour (worn)
Wands
 g - a wand of digging (3)
Potions
 f - a potion of haste

Dungeon Overview and Level Annotations

Branches:
Dungeon (5/15)
 Temple: D:4-7

Altars:


Message History

The orc hits you but does no damage. The iguana barely misses you.
You hit the iguana.
The iguana is almost dead.
You hit the orc.
You kill the orc!
The iguana bites you.
You hit the iguana.
You kill the iguana!
You hit the orc but do no damage.
The orc hits you with a +2 mace of protection.
Your Axes skill increases to level 3!
You have reached level 2!
You have reached level 3!
Your experience leads to an increase in your attributes!
Increase (S)trength, (I)ntelligence, or (D)exterity?
You feel stronger. x2
You hit the orc.
The orc is heavily wounded.
The orc closely misses you.
You hit the orc but do no damage.
The orc is heavily wounded.
You hit the orc wizard but do no damage.
The orc barely misses you. The orc wizard closely misses you.
The orc misses you.
You hit the orc.
The orc is almost dead.
You hit the orc wizard. You closely miss the orc.
The orc wizard hits you but does no damage.
The orc barely misses you.
The orc hits you with a +2 mace of protection.
You hit the orc.
You kill the orc!
You hit the orc wizard but do no damage.
You closely miss the orc. The orc misses you. The orc wizard barely misses you.
You hit the orc wizard but do no damage.
The orc wizard is moderately wounded.
You hit the orc but do no damage. The orc barely misses you.
The orc wizard hits you with a +1 dagger of flaming.
You die...

## #.# #.# #.#
#.# ### #.# ....
##.######.##.....
.......o@).......
.......o)$.......
....###.#......##
... #.#.#....# .
#.#.#.....# #.#.#
....# #.#.# ....+
....# ...# #.#
...#


You could see an orc wizard and an orc.

Vanquished Creatures
  An iguana (D:4)
  3 orcs (D:4)
4 creatures vanquished.

Notes
Turn   | Place    | Note
-------+----------+-------------------------------------------
     0 | D:5      | qw the Gargoyle Delver began the quest for the Orb.
     0 | D:5      | Reached XP level 1. HP: 14/14 MP: 1/1
     0 | D:5      | 0 ||| qw: Version: 0.1-a-117-gfe26ee0
     0 | D:5      | 0 ||| qw: Game counter: 10141
     0 | D:5      | 0 ||| qw: Always use a shield: true
     0 | D:5      | 0 ||| qw: God list: Okawaru
     0 | D:5      | 0 ||| qw: Allow faded altars: false
     0 | D:5      | 0 ||| qw: Do Orc after D:15 true
     0 | D:5      | 0 ||| qw: Do second Lair branch before Depths: true
     0 | D:5      | 0 ||| qw: Lair rune preference: random
     0 | D:5      | 0 ||| qw: Plans: Normal
     0 | D:5      | 0 ||| PLANNING D:1-11
    22 | D:5      | 22 ||| DROPPING scroll of fog.
    23 | D:5      | 23 ||| DROPPING scroll of magic mapping.
    24 | D:5      | 24 ||| DROPPING scroll of fear.
    33 | D:4      | Noticed an orc wizard
    33 | D:4      | Noticed an iguana
    35 | D:4      | 35 ||| Stepping ~*~*~tactically~*~*~ (stealth).
    39 | D:4      | 39 ||| Stepping ~*~*~tactically~*~*~ (stealth).
    45 | D:4      | Killed an iguana
    45 | D:4      | HP: 2/14 [orc/+2 mace of protection (3)]
    46 | D:4      | Reached skill level 3 in Axes
    46 | D:4      | Reached XP level 2. HP: 3/19 MP: 2/2
    46 | D:4      | Reached XP level 3. HP: 4/23 MP: 3/3
    50 | D:4      | Slain by an orc wizard

Levels and vault maps discovered:
D:4:      layout_basic, nicolae_kikubaaqudgha_miasma_corner, serial_rivers,
          chequers_serial_rivers_large_a, chequers_serial_rivers_small_3,
          chequers_serial_rivers_small_a, chequers_serial_rivers_micro_d,
          chequers_serial_rivers_marsh
D:5:      layout_gridville, mainiacjoe_overflow_paths, temple_statues

Skill      XL: |  1 |
---------------+----+-----
Axes           | 3 |  3.2
Fighting       | |  3.2
Dodging        | |  1.5
Stealth        | |  5.4

Action                   || total
-------------------------++-------
Melee: Hand axe          ||    14
Armor: Leather armour    ||     3
Dodge: Dodged            ||    17

Table legend:
 A = Non-vault XP
 B = Vault XP
 C = Vault XP percentage of total XP
 D = Non-vault monster count
 E = Vault monster count
 F = Vault count percentage of total count
                 A         B        C        D         E       F
            +---------+---------+-------+---------+---------+-------
      Total |      45 |       0 |   0.0 |       4 |       0 |   0.0
            +---------+---------+-------+---------+---------+-------
        D:4 |      45 |       0 |   0.0 |       4 |       0 |   0.0
            +---------+---------+-------+---------+---------+-------
